[Event "*** Titled Tuesday Blitz"]
[Site "Chess.com"]
[Date "2018.12.04"]
[Round "6"]
[White "ChessQueen"]
[Black "BIG_Pirate"]
[Result "1-0"]
[WhiteElo "2551"]
[BlackElo "2358"]
[TimeControl "180+2"]
[EndTime "14:23:08 PST"]
[Termination "ChessQueen won by resignation"]

1. e4 d5 2. exd5 Qxd5 3. Nc3 Qa5 4. d4 Nf6 5. Nf3 Bg4 6. Be2 Nc6 7. h3 Bxf3 8. Bxf3 O-O-O 9. Bxc6 bxc6 10. Qf3 Qa6 11. Be3 e6 12. Qe2 Qxe2+ 13. Kxe2 Bb4 14. Na4 Rhe8 15. c3 Bd6 16. Rhd1 e5 17. dxe5 Rxe5 18. Kf1 Rde8 19. Bd4 Ra5 20. b3 Be5 21. Be3 Nd5 22.
Bd2 Nb6 23. Nb2 Rd5 24. Be1 Bf6 25. Rab1 Ra5 26. a4 Rd5 27. c4 Rxd1 28. Nxd1 Nd7 29.
Bd2 Nc5 30. Be3 Nd3 31. g3 a6 32. Ke2 Ne5 33. Nb2 Rd8 34. Rd1 Rxd1 35. Nxd1 Kd7 36.
f4 Ng6 37. Kd3 Ne7 38. g4 g6 39. Nf2 Bg7 40. Ne4 h6 41. Nc5+ Kc8 42. Nxa6 f5 43. Nc5 Bf6 44. Bd4 Bh4 45. a5 fxg4 46. hxg4 h5 47.
gxh5 gxh5 48. a6 Kb8 49. Nd7+ Ka8 50. Ke4 Nc8 51. f5 Nd6+ 52. Kf4 Be1 53. f6 h4 54. Ne5 Bg3+ 55. Kf3 Bxe5 56. Bxe5 Nf7 57. Bd4 Nd6 58.
Kg4 Kb8 59. Bg1 h3 60. Kxh3 1-0

[Event "*** Titled Tuesday Blitz"]
[Site "Chess.com"]
[Date "2018.12.04"]
[Round "6"]
[White "ddtru"]
[Black "BlackBoarder"]
[Result "0-1"]
[WhiteElo "2326"]
[BlackElo "2494"]
[TimeControl "180+2"]
[EndTime "14:23:11 PST"]
[Termination "BlackBoarder won by checkmate"]

1. d4 Nf6 2. c4 e6 3. Nc3 Bb4 4. f3 c5 5. d5 exd5 6. cxd5 d6 7. e4 O-O 8. Bd3 Nbd7 9. Ne2 a6 10. a4 Ne5 11. Bg5 h6 12. Bh4 Bd7 13. O-O Ng6 14.
Bg3 Qe7 15. Qc2 b6 16. Rae1 Rfc8 17. Qc1 c4 18. Bc2 b5 19. Kh1 Bc5 20. axb5 axb5 21.
f4 b4 22. e5 dxe5 23. fxe5 Nxe5 24. Bxe5 Qxe5 25. Ng3 Qg5 26. Nce4 Nxe4 27. Bxe4 Qxc1 28. Rxc1 Bd4 29. Rc2 b3 30. Rd2 Be5 31. d6 Ra6 32. Bd5 Rxd6 33. Bxf7+ Kh8 34. Rxd6 Bxd6 35. Rd1 Bxg3 36. hxg3 c3 37. bxc3 b2 38. Bg6 Ba4 39.
Rb1 Rb8 40. c4 Bc6 41. Kg1 Kg8 42. Kf2 Bd7 43. Ke3 Be6 44. Kd4 Rb4 45. Kc3 Rxc4+ 46.
Kxb2 Rg4 47. Re1 Rxg6 48. Re3 Kf7 49. Kc3 Rf6 50. Kd2 g5 51. Ke1 Bf5 52. Rf3 Be4 53. Ra3 Bxg2 54. Ke2 Bd5 55. Ra7+ Kg6 56. Ra3 h5 57. Ke1 Re6+ 58. Kf2 Rb6 59. Rd3 Rb2+ 60. Ke1 Be4 61. Rd6+ Kf5 62. Ra6 Kg4 63. Ra5 Rb3 64.
Ra4 Kf3 65. Kf1 Rb1# 0-1

[Event "*** Titled Tuesday Blitz"]
[Site "Chess.com"]
[Date "2018.12.04"]
[Round "6"]
[White "VladimirBelous"]
[Black "severomorskij"]
[Result "1/2-1/2"]
[WhiteElo "2756"]
[BlackElo "2751"]
[TimeControl "180+2"]
[EndTime "14:23:14 PST"]
[Termination "Game drawn by repetition"]

1. Nf3 Nf6 2. g3 d5 3. Bg2 e6 4. O-O c5 5. d3 Nc6 6. Nbd2 g6 7. Re1 Bg7 8. e4 O-O 9. a3 b6 10. Qe2 a5 11. h4 Ba6 12. c4 Ra7 13. Nf1 dxe4 14.
dxe4 e5 15. Bg5 Nd4 16. Nxd4 cxd4 17. b4 h6 18. Bxf6 Qxf6 19. Nd2 Rc8 20. Rec1 Rac7 21.
Bh3 Rd8 22. Bf1 Bf8 23. Qf3 Qxf3 24. Nxf3 f6 25. Ne1 h5 26. Rab1 axb4 27. axb4 Bb7 28. Bd3 Ra8 29. Nc2 Bh6 30. Re1 Bd2 31. Re2 Bc3 32.
Rb3 Bc8 33. Ne3 dxe3 34. Rxc3 exf2+ 35. Rxf2 Kg7 36. Bf1 Be6 37. Rd2 Rac8 38. Rd6 Bxc4 39. Bh3 Rb8 40. b5 Rc5 41. Rc6 Bxb5 42. R3xc5 bxc5 43. Rxc5 Bd3 44. Bg2 Rb4 45. Rc7+ Kh6 46. Rc6 Rb1+ 47.
Kf2 Rb2+ 48. Ke3 Rxg2 49. Kxd3 Rxg3+ 50. Ke2 Rg4 51. Ke3 Rxh4 52. Rxf6 Rg4 53. Re6 Rg5 54. Kf3 h4 55. Re8 Rg3+ 56. Kf2 Kg5 57. Rxe5+ Kg4 58.
Re8 Ra3 59. e5 Ra2+ 60. Ke3 h3 61. e6 h2 62. Rh8 Kg3 63. e7 Ra1 64. Kd2 Ra2+ 65.
Kd3 Ra3+ 66. Kd2 Ra2+ 67. Kd3 Ra3+ 68. Kd2 Ra2+ 69. Kd3 Ra3+ 1/2-1/2

[Event "*** Titled Tuesday Blitz"]
[Site "Chess.com"]
[Date "2018.12.04"]
[Round "6"]
[White "Parhamov"]
[Black "Guenplen"]
[Result "0-1"]
[WhiteElo "2844"]
[BlackElo "2839"]
[TimeControl "180+2"]
[EndTime "14:23:19 PST"]
[Termination "Guenplen won by resignation"]

1. Nf3 d5 2. g3 Bg4 3. Bg2 c6 4.
O-O e6 5. d3 Nf6 6. Nbd2 Nbd7 7.
Qe1 Be7 8. Nh4 O-O 9. f4 Ne8 10.
h3 Bh5 11. e4 Bxh4 12. gxh4 dxe4 13. dxe4 e5 14. Nc4 Qe7 15. fxe5 Nc7 16. b3 b5 17. Ba3 c5 18. Ne3 b4 19. Bb2 Ne6 20. Nf5 Qd8 21. Qg3 c4 22. bxc4 Ndc5 23. Rf2 Na4 24. Bc1 Nc3 25.
Bh6 Bg6 26. Be3 h5 27. Raf1 Qc7 28. Nd6 a5 29. a3 bxa3 30. Bc1 Nb1 31. Bxa3 Nxa3 32.
Qxa3 Qc5 33. Qxc5 Nxc5 34. Rd2 a4 35. Rd5 Ne6 36. Kf2 a3 37. Ke3 Rfb8 38. Ra1 Rb2 39. Rd2 a2 40. c3 Rxd2 41. Kxd2 Nc5 42. Kc2 Ra6 43. Nf5 Kf8 44. Ng3 f6 45. Bf3 fxe5 46. Bxh5 Bxh5 47. Nxh5 Rg6 48. Rxa2 Rg2+ 49. Kb1 Rg1+ 50. Kb2 Rg2+ 51. Ka3 Rxa2+ 52. Kxa2 Nxe4 53. c5 g6 54. Kb3 gxh5 55. Kc4 Nf6 56. c6 Ke7 57.
Kc5 Kd8 58. Kb6 Kc8 59. Kc5 Kc7 60. c4 e4 61. Kd4 Kxc6 0-1

[Event "*** Titled Tuesday Blitz"]
[Site "Chess.com"]
[Date "2018.12.04"]
[Round "6"]
[White "vinniethepooh"]
[Black "TheBigBadChessDad"]
[Result "1/2-1/2"]
[WhiteElo "2406"]
[BlackElo "2275"]
[TimeControl "180+2"]
[EndTime "14:23:29 PST"]
[Termination "Game drawn by agreement"]

1. d4 Nf6 2. c4 e6 3. Nc3 Bb4 4. e3 Bxc3+ 5. bxc3 c5 6. Bd3 d6 7. Nf3 Qa5 8. Qc2 Nc6 9. O-O e5 10. Nd2 Qc7 11. f4 exd4 12. exd4 O-O 13. Ne4 Nxe4 14. Bxe4 f5 15. Bd5+ Kh8 16. Be3 cxd4 17. cxd4 Nb4 18. Qb3 Nxd5 19. cxd5 Re8 20. Rac1 Qb6 21. Rfe1 Bd7 22.
Rb1 Qxb3 23. Rxb3 b6 24. Rc3 Rac8 25. Bd2 Rxe1+ 26. Bxe1 Re8 27. Kf2 Bb5 28. Re3 Rxe3 29. Kxe3 Bc4 30. a3 Bxd5 31. Bb4 Bxg2 32. Bxd6 Bd5 33.
Bb8 a6 34. Bc7 b5 35. Bd6 Kg8 36. Kd3 Kf7 37. Kc3 Ke6 38. Be5 g6 39. h4 Bc4 40.
Kd2 Kd5 41. Ke3 a5 42. Bc7 b4 43. axb4 axb4 44. Ba5 b3 45. Bc3 Bb5 46. Bb2 Kc4 47. Ba1 Bc6 48. Bb2 Be4 49. Ba1 Kb4 50. Bb2 Ka4 51. Bc1 Kb4 52. Bb2 Kc4 53. Ba1 Bd5 54.
Bb2 Kb4 55. Kd3 h6 56. Ke3 Kc4 57. Ba1 Kb5 58. Bb2 Kc6 59. Kd3 Kd6 60. Ke3 Ke6 61.
Kd3 Kf6 62. Bc1 Be4+ 63. Kc4 Bc2 64. d5 Ke7 65. Kc5 Be4 66. Kc4 Kd7 67. Kxb3 Bxd5+ 68. Kc3 Kc6 69. Kd4 Bf3 70. Ke5 Kc5 71. Kf6 Bh5 72. Kg7 Kd5 73. Kxh6 Ke4 74. Kg5 Kf3 75. Ba3 Ke4 76.
Be7 Kf3 1/2-1/2

[Event "*** Titled Tuesday Blitz"]
[Site "Chess.com"]
[Date "2018.12.04"]
[Round "6"]
[White "Gabrielian_Artur"]
[Black "David_Klein"]
[Result "1-0"]
[WhiteElo "2720"]
[BlackElo "2590"]
[TimeControl "180+2"]
[EndTime "14:23:34 PST"]
[Termination "Gabrielian_Artur won by resignation"]

1. e4 g6 2. d4 Bg7 3. Nc3 d6 4. f4 c6 5. Nf3 b5 6. Bd3 Nf6 7. e5 Nfd7 8. O-O Nb6 9. Ne4 O-O 10. Qe1 N8d7 11. e6 Nf6 12. exf7+ Rxf7 13. Neg5 Rf8 14. Ne6 Bxe6 15. Qxe6+ Kh8 16. f5 Qd7 17. Ng5 gxf5 18. Bxf5 Qxe6 19. Nxe6 Rg8 20. c3 Nfd5 21. Rf3 Raf8 22.
Nxf8 Rxf8 23. Be6 Rxf3 24. gxf3 Bf6 25. Bh6 Nc7 26. Bf7 Bg7 27. Bg5 Bf8 28. Re1 Kg7 29. Bb3 Ncd5 30. Kf2 Kf7 31. Bc2 h6 32.
Bc1 Bg7 33. Ke2 a5 34. Kd3 a4 35. h4 Nc4 36. b3 axb3 37. axb3 Ncb6 38. Bd2 Bf6 39. h5 Bg7 40. c4 bxc4+ 41. bxc4 Nf6 42. Rh1 Nbd7 43. f4 Ng4 44. Rf1 Ndf6 45. Bd1 e6 46. f5 e5 47. dxe5 Nxe5+ 48. Ke2 Ne4 49. Be1 Nxc4 50.
Bb3 d5 51. Bxc4 dxc4 52. Rf4 Nd6 53. Bb4 Be5 54. Bxd6 Bxd6 55. Rxc4 c5 56. Kf3 Kf6 57. Kg4 Ke5 58. Rc1 Bf8 59. Re1+ Kf6 60. Re6+ Kf7 61. Rc6 Be7 62. Kf3 Ke8 63. Rxh6 Kd7 64. Ke4 Bg5 65. Rg6 Bd2 66. h6 Ke7 67. h7 Bc3 68. f6+ Bxf6 69. Rxf6 1-0

[Event "*** Titled Tuesday Blitz"]
[Site "Chess.com"]
[Date "2018.12.04"]
[Round "6"]
[White "chidori_boruto"]
[Black "SCIM"]
[Result "0-1"]
[WhiteElo "2545"]
[BlackElo "2441"]
[TimeControl "180+2"]
[EndTime "14:23:35 PST"]
[Termination "SCIM won on time"]

1. d4 Nf6 2. Nf3 g6 3. Bg5 Ne4 4. Bf4 Bg7 5. Nbd2 Nxd2 6. Qxd2 d5 7. Bh6 O-O 8. h4 f6 9. h5 Bxh6 10. Qxh6 g5 11. Nxg5 fxg5 12. Qxg5+ Kh8 13. h6 Rf7 14. O-O-O Bf5 15. g4 Bg6 16. f4 Be4 17. Rh3 Nc6 18. e3 Qd6 19. Bd3 Rg8 20. Qh5 Bxd3 21. Rxd3 Qe6 22.
Rg3 Rxf4 23. exf4 Qe1+ 24. Rd1 Qxg3 25. Qxd5 Qxf4+ 26. Kb1 Qxg4 27. Rf1 Qxd4 28. Qf7 Qe5 29. a3 Nd8 30. Qf3 Ne6 31. Qxb7 Qg5 32. Qc6 Qxh6 33. Re1 Rg6 34. Qc3+ Qg7 35. Qc6 Nf8 36. Qxc7 Rg1 37. Rxg1 Qxg1+ 38. Ka2 Qg8+ 39. b3 Qg6 40. Kb2 Qf6+ 41. Ka2 Qf5 42. Kb2 Qf6+ 43. Ka2 h5 44. Qxa7 h4 45. Qc5 Kg7 46. Qh5 Ng6 47. a4 Qc3 48.
Qe2 Qe5 49. Qg2 Qg3 50. Qh1 h3 51. a5 Qg2 52. Qd1 h2 53. Qd4+ Kh7 54. Qd3 h1=Q 55. a6 Qe4 56. Qc3 Qc6 57. Qd3 Qhe4 58. Qh3+ Kg7 59. c4 Qxa6+ 60. Kb2 Qf6+ 61. Ka2 Qa6+ 62. Kb2 Qe5+ 63. Kc2 Qa2+ 64. Kd1 Qb1+ 0-1

[Event "*** Titled Tuesday Blitz"]
[Site "Chess.com"]
[Date "2018.12.04"]
[Round "6"]
[White "VincentBlom"]
[Black "VeraNebolsina"]
[Result "1-0"]
[WhiteElo "2508"]
[BlackElo "2369"]
[TimeControl "180+2"]
[EndTime "14:23:39 PST"]
[Termination "VincentBlom won by resignation"]

1. d4 Nf6 2. Bg5 d5 3. Bxf6 gxf6 4. Nf3 c5 5. c3 Qb6 6. Qb3 c4 7. Qxb6 axb6 8. Nbd2 Nc6 9. a3 b5 10. Rc1 Bg4 11.
h3 Bxf3 12. Nxf3 e6 13. e3 Rg8 14. g3 Ne7 15. Be2 Nc8 16. Bd1 f5 17. Rc2 f6 18.
Nh4 Nb6 19. Re2 Kf7 20. Kf1 Nc8 21. Ng2 Nd6 22. Bc2 Ne4 23. g4 Bd6 24. gxf5 exf5 25. Nh4 Ke6 26. Bxe4 fxe4 27. f4 Rg3 28. Rg2 Rxg2 29.
Kxg2 b4 30. axb4 Ra2 31. Rb1 Be7 32. f5+ Kd6 33. Kf2 Kc6 34. Ke2 Kb5 35. Kd2 Ra8 36. Rg1 Bf8 37. Rg8 Rb8 38. Ng2 Bd6 39. Rg7 Ka4 40.
Kc2 h5 41. Nh4 Bh2 42. Rg2 Bc7 43. Ng6 Rg8 44. Rg1 Bd6 45. Ra1+ Kb5 46. Ra5+ Kc6 47. b3 b6 48. Ra7 cxb3+ 49. Kxb3 Bb8 50. Rf7 Kb5 51.
Rxf6 Rc8 52. Re6 Bg3 53. Ne7 Rd8 54. Nxd5 Be1 55. c4+ Ka6 56. Rxb6+ Ka7 57. Re6 Bd2 58.
b5 Rg8 59. Rxe4 Rg1 60. Re7+ Kb8 61. c5 Rf1 62. f6 1-0

[Event "*** Titled Tuesday Blitz"]
[Site "Chess.com"]
[Date "2018.12.04"]
[Round "6"]
[White "ckgchess"]
[Black "Bryakin_Mikhail"]
[Result "1-0"]
[WhiteElo "2598"]
[BlackElo "2714"]
[TimeControl "180+2"]
[EndTime "14:23:40 PST"]
[Termination "ckgchess won by resignation"]

1. e4 c5 2. Nf3 Nc6 3. Bb5 g6 4. Bxc6 dxc6 5. d3 Bg7 6. h3 Nh6 7. Nc3 f6 8. Be3 b6 9. Qd2 Nf7 10. O-O O-O 11. Nh2 e5 12. f4 f5 13. Rae1 exf4 14.
Bxf4 g5 15. Be3 f4 16. Bf2 Ne5 17. Rd1 Be6 18. b3 Ng6 19. d4 cxd4 20. Bxd4 Bxd4+ 21. Qxd4 Qxd4+ 22. Rxd4 Ne5 23. Nf3 Nxf3+ 24. Rxf3 Rad8 25. Rfd3 Rxd4 26. Rxd4 Kf7 27. Rd6 Rc8 28. e5 Ke7 29. Ne4 h6 30. Kf2 c5 31. c3 Rf8 32. Nd2 Rf5 33. Nf3 h5 34. Rc6 Kd7 35. Rd6+ Ke7 36. Rc6 Bd5 37. Rc7+ Ke6 38. c4 Bxf3 39. gxf3 Rxe5 40.
Rxa7 Kf5 41. Rb7 Re6 42. a4 Ke5 43. Rd7 Rd6 44. Re7+ Kf5 45. Rf7+ Ke5 46. Re7+ Re6 47. Rg7 Kf5 48. Rf7+ Ke5 49. Rg7 Kf6 50. Rb7 Rd6 51.
Ke2 Ke5 52. Rg7 Kf6 53. Rb7 Kf5 54. a5 bxa5 55. Rb5 Rc6 56. Rxa5 Ke5 57. Kd3 Kd6 58. Ke4 Kc7 59. Kf5 Kd6 60. Kxg5 Ke5 61. Kxh5 Kd4 62. Kg4 Ke3 63. h4 Rg6+ 64. Kf5 Rh6 65. Kg5 Rb6 66. Rb5 Rb8 67. Rxb8 1-0

[Event "*** Titled Tuesday Blitz"]
[Site "Chess.com"]
[Date "2018.12.04"]
[Round "6"]
[White "WPWPWP-2015"]
[Black "WinnerOleg"]
[Result "0-1"]
[WhiteElo "2273"]
[BlackElo "2348"]
[TimeControl "180+2"]
[EndTime "14:23:48 PST"]
[Termination "WinnerOleg won by checkmate"]

1. e4 c5 2. Nf3 Nc6 3. Bb5 g6 4. O-O Bg7 5. c3 Nf6 6. Re1 O-O 7. a4 d6 8. h3 Bd7 9. d4 cxd4 10. cxd4 e5 11.
dxe5 Nxe5 12. Nc3 Be6 13. Nd4 Bd7 14. f4 Nc6 15. Nf3 a6 16. Bf1 Qc7 17. Be3 Rfe8 18.
Bf2 Nh5 19. g3 Be6 20. Rc1 Qd7 21. Kh2 Rac8 22. Ng5 Nf6 23. Nxe6 Rxe6 24. Bg2 Ree8 25. Bb6 h5 26. a5 h4 27. g4 g5 28. e5 dxe5 29.
fxg5 Qxd1 30. Rcxd1 Nh7 31. Ne4 Re6 32. Rd7 Nd4 33.
Rf1 Rg6 34. Nc5 Nxg5 35. Rxb7 e4 36. Nxe4 Be5+ 37. Kh1 Ne2 38. Bf2 Rc2 39. Bxh4 Nxh3 40. Nf2 Rh6 41. Nxh3 Rxh4 42. Rbxf7 Ng3+ 43. Kg1 Nxf1 44. Rxf1 Bd4+ 45. Kh1 Rxb2 46. Rd1 Bc3 47. Bd5+ Kg7 48.
Bg2 Bxa5 49. Rd4 Rb1+ 50. Bf1 Rxf1+ 51. Kg2 Ra1 52. Kg3 Rh8 53. Ng5 Bc7+ 54. Kg2 Ra2+ 55. Kf3 Ra3+ 56. Ke4 Re8+ 57. Kd5 Rd8+ 58. Kc6 Rc3+ 59.
Kb7 Rxd4 60. Ne6+ Kf6 61. Nxd4 Be5 62. Nc6 Bf4 63. Nb4 Rb3 64. Kxa6 Rxb4 65. Ka5 Rb1 66. g5+ Kxg5 67. Ka4 Kf5 68. Ka5 Ke5 69. Ka6 Kd6 70. Ka7 Rb2 71. Ka6 Kc6 72. Ka5 Bd6 73. Ka4 Bc5 74.
Ka5 Ra2# 0-1

[Event "*** Titled Tuesday Blitz"]
[Site "Chess.com"]
[Date "2018.12.04"]
[Round "6"]
[White "Godzillator"]
[Black "orrbaverlekszarnyon"]
[Result "0-1"]
[WhiteElo "2362"]
[BlackElo "2249"]
[TimeControl "180+2"]
[EndTime "14:23:48 PST"]
[Termination "orrbaverlekszarnyon won by checkmate"]

1. d4 Nf6 2. c4 Nc6 3. Nf3 d6 4. Nc3 Bg4 5. e4 e5 6. d5 Nd4 7. Be2 Nxe2 8. Qxe2 Be7 9. h3 Bxf3 10. Qxf3 O-O 11. Be3 Nd7 12. Qg4 Kh8 13. O-O g6 14. Bh6 Rg8 15. f4 Bf6 16. fxe5 Nxe5 17. Qe2 Bg7 18.
Be3 Qe7 19. Rae1 a6 20. Kh1 Rgf8 21. Bd4 Rae8 22. b3 Qh4 23. Qc2 h6 24. Re2 Kh7 25. Ref2 Qe7 26. Ne2 Nd7 27. Bxg7 Kxg7 28. Nc3 Ne5 29.
Nd1 Nd7 30. Nc3 Ne5 31. Qe2 Qh4 32. Rf4 Qg3 33. Qb2 Nd3 34. Ne2+ Nxb2 35. Nxg3 Nd3 36. R4f3 Ne5 37. R3f2 h5 38. Ne2 Nd3 39. Rf3 Nc5 40.
Nc3 Nxe4 41. Nxe4 Rxe4 42. R1f2 f5 43. Kh2 h4 44. Rd3 Rfe8 45. Rdd2 Kf6 46. Rc2 g5 47.
Rfd2 Re3 48. Rf2 b6 49. Rcd2 a5 50. Rc2 R8e5 51. Rb2 f4 52. Kg1 Rf5 53. Kf1 f3 54.
gxf3 Rfxf3 55. Kg2 Rxf2+ 56. Rxf2+ Ke5 57. Rf7 Re2+ 58. Kf3 Rxa2 59. Rxc7 Rb2 60. Re7+ Kf5 61. Re3 Rh2 62.
Re6 Rxh3+ 63. Ke2 Rxb3 64. Rxd6 h3 65. Rh6 h2 66. d6 Rb2+ 67. Ke3 Rb1 68. Rxh2 Rd1 69.
Rh6 a4 70. d7 Rxd7 71. Rxb6 Ra7 72. Kd4 a3 73. Rb1 a2 74. Ra1 g4 75. c5 g3 76. c6 Ke6 77. Kc5 Ra5+ 78. Kb6 Ra3 79. c7 Rb3+ 80. Kc6 Rc3+ 81. Kb7 Rb3+ 82. Ka8 Kd7 83.
Rc1 Kc8 84. Rc3 a1=R# 0-1

[Event "*** Titled Tuesday Blitz"]
[Site "Chess.com"]
[Date "2018.12.04"]
[Round "6"]
[White "pedroholly22"]
[Black "aquaticpineapples"]
[Result "1-0"]
[WhiteElo "2213"]
[BlackElo "2046"]
[TimeControl "180+2"]
[EndTime "14:23:58 PST"]
[Termination "pedroholly22 won by resignation"]

1. e4 d5 2. exd5 Qxd5 3. Nc3 Qa5 4. Nf3 Nf6 5. d4 Nc6 6. d5 Nb4 7. Bc4 Bf5 8. Nd4 Nbxd5 9. Bd2 Nxc3 10. Bxc3 Qe5+ 11.
Ne2 Qd6 12. O-O O-O-O 13. Qc1 e5 14. Qe3 Qc5 15. Qxe5 Bxc2 16. Bxf7 Bd3 17. Be6+ Kb8 18. Rfd1 Bd6 19. Qxc5 Bxc5 20. Nf4 Be4 21. Bxf6 gxf6 22. Bd5 Bxd5 23. Nxd5 f5 24. g3 c6 25. Nf4 Rhe8 26.
Kg2 Bd6 27. Kf3 Be5 28. Re1 Bxb2 29. Rxe8 Rxe8 30. Rd1 Kc7 31. Ng2 Be5 32. Ne3 Rf8 33.
Nc4 Bc3 34. Rc1 Bd4 35. Rd1 Bc5 36. Re1 b5 37. Ne5 a5 38. Rc1 Kd6 39. Nd3 Bd4 40. Nf4 c5 41. Re1 Rf6 42. Nh5 Re6 43.
Rd1 b4 44. Ng7 Rf6 45. Ne8+ Kc6 46. Nxf6 Bxf6 47. Kf4 a4 48. Kxf5 Bd4 49. f4 b3 50.
axb3 a3 51. Rd2 Kb5 52. Ke6 Bc3 53. Rc2 Kb4 54. Kd5 Kxb3 55. Re2 c4 56. f5 a2 57. Rxa2 Kxa2 58. Kxc4 Bf6 59. Kd5 Kb3 60. Ke6 Bb2 61. Kf7 Kc4 62. Kg8 h5 63. Kh7 Kd5 64. Kg6 h4 65. g4 Ke4 66. g5 h3 67. f6 Kf3 68.
f7 Ba3 69. Kh7 Bf8 70. g6 Kg2 71. g7 Bxg7 72. Kxg7 Kxh2 73. f8=Q Kg1 74. Qc5+ Kg2 75. Qg5+ Kf2 76. Qf5+ Kg2 77. Qg4+ Kh2 78. Kh6 1-0

[Event "*** Titled Tuesday Blitz"]
[Site "Chess.com"]
[Date "2018.12.04"]
[Round "6"]
[White "NikolaGry"]
[Black "Marcus_Harvey"]
[Result "1-0"]
[WhiteElo "2647"]
[BlackElo "2669"]
[TimeControl "180+2"]
[EndTime "14:23:59 PST"]
[Termination "NikolaGry won by resignation"]

1. d4 e6 2. Nf3 Nf6 3. c3 Be7 4. Bf4 Nh5 5. Bg3 f5 6. e3 O-O 7. Ne5 Nf6 8. Nd2 d6 9. Nd3 Nc6 10. Be2 Bd7 11. O-O Be8 12. b4 a6 13. a4 Bf7 14. b5 axb5 15. axb5 Na5 16. c4 Ne4 17.
Nxe4 fxe4 18. Nb4 Bh4 19. Ra3 Bxg3 20. hxg3 b6 21. Qa1 Nb3 22. Rxa8 Qxa8 23. Qxa8 Rxa8 24. Na6 Ra7 25. Rb1 Na5 26. Ra1 Be8 27. Nb4 Kf7 28.
g4 g5 29. f3 exf3 30. gxf3 Nc6 31. Rxa7 Nxa7 32. Kf2 c5 33. bxc6 Nxc6 34. Nc2 e5 35.
Bd3 h6 36. Be4 Ke7 37. Bd5 Bd7 38. Ke2 exd4 39. Bxc6 Bxc6 40. Nxd4 Bd7 41. e4 Kf6 42.
Ke3 Ke5 43. Nf5 Be6 44. Nxh6 Bxc4 45. Nf5 b5 46. Nd4 Kf6 47. Nc6 Be6 48. Nb4 Bd7 49. Kd4 Be6 50. Nd3 Bc4 51. Nb4 Ke6 52. Nc2 Be2 53. Ke3 Bc4 54. Nd4+ Ke5 55. Nc6+ Ke6 56. Nd4+ Kf6 57. Nc6 Bf1 58. f4 gxf4+ 59. Kxf4 Ke6 60. g5 d5 61. Nd4+ Kd6 62. e5+ Kc5 63. g6 Bd3 64. Nf5 d4 65. e6 Bxf5 66. Kxf5 d3 67. e7 d2 68. e8=Q d1=Q 69. Qf8+ Kc4 70. g7 Qf3+ 71.
Kg6 Qg4+ 72. Kh7 Qh5+ 73. Kg8 Kc3 74. Qf6+ Kb4 75. Kf8 1-0

[Event "*** Titled Tuesday Blitz"]
[Site "Chess.com"]
[Date "2018.12.04"]
[Round "6"]
[White "Chessialist"]
[Black "Yurovskykh_Oleksandr"]
[Result "0-1"]
[WhiteElo "2474"]
[BlackElo "2492"]
[TimeControl "180+2"]
[EndTime "14:24:05 PST"]
[Termination "Yurovskykh_Oleksandr won by resignation"]

1. e4 c6 2. d4 d5 3. Nd2 dxe4 4. Nxe4 Bf5 5. Ng3 Bg6 6. h4 h6 7. Nh3 e6 8. Nf4 Bh7 9. Bc4 Nf6 10. Qe2 Bd6 11.
Ngh5 Nxh5 12. Nxh5 O-O 13. Qg4 Bg6 14. Nxg7 Kxg7 15.
h5 Qa5+ 16. Bd2 Qf5 17. Bxh6+ Kh8 18. Qe2 Bh7 19. Bd3 Qa5+ 20. c3 Rg8 21. g3 Nd7 22.
Be3 Bxd3 23. Qxd3 Qf5 24. Qxf5 exf5 25. O-O-O Rae8 26. Rde1 Nf6 27. Kc2 Kh7 28. Kd3 Re6 29. c4 Rge8 30. h6 Ng4 31. Rh5 Nxe3 32. fxe3 Bxg3 33. Re2 f4 34. e4 f3 35. Re3 Rf6 36. Rh1 Bf2 37. e5 Bxe3 38. exf6 Bxh6 39. d5 c5 40. Rf1 Re3+ 41. Kc2 Bf4 42. a3 Kg6 43.
b4 cxb4 44. axb4 Kxf6 45. c5 Re2+ 46. Kd3 Ke5 47. Rxf3 Rd2+ 48. Kc3 Rxd5 49. Rh3 a5 50. Rh5+ f5 51. bxa5 Rxc5+ 52. Kb4 Rd5 53. Rh7 Bd2+ 54. Kc4 Rxa5 55. Re7+ Kf4 56. Rxb7 Re5 57. Kd3 Be3 58. Ke2 Bc5+ 59. Kf1 Re4 60. Rh7 Re5 61. Rh4+ Ke3 62. Rh3+ Ke4 63. Rc3 f4 64. Rc4+ Ke3 65. Rc3+ Kd4 66.
Rc1 f3 67. Rb1 Rg5 68. Re1 Kd3 69. Rd1+ Ke4 0-1

[Event "*** Titled Tuesday Blitz"]
[Site "Chess.com"]
[Date "2018.12.04"]
[Round "6"]
[White "Alexander_Donchenko"]
[Black "jefferyx"]
[Result "1/2-1/2"]
[WhiteElo "2688"]
[BlackElo "2752"]
[TimeControl "180+2"]
[EndTime "14:24:15 PST"]
[Termination "Game drawn - insufficient material"]

1. Nf3 d5 2. g3 g6 3. Bg2 Bg7 4. d4 Nf6 5. O-O O-O 6. c4 c6 7. b3 dxc4 8. bxc4 c5 9. Bb2 Qb6 10. Qc1 cxd4 11. Nxd4 Bd7 12. Nc3 Rc8 13. Qd2 Nc6 14. Nb3 Ne5 15. c5 Qc7 16. Qf4 Bc6 17. Bxc6 Nxc6 18. Qxc7 Rxc7 19. Rab1 Rd8 20. Rfd1 Rcd7 21.
Rxd7 Rxd7 22. Kf1 Kf8 23. h3 Ke8 24. Ke1 Bh6 25. Rd1 Rxd1+ 26. Kxd1 Nd7 27. Nd5 Bf8 28. Kd2 Kd8 29. Nc3 f5 30. e4 e5 31. exf5 gxf5 32. Na4 Ke7 33. g4 Ke6 34. gxf5+ Kxf5 35. Ke2 Ke4 36. Nc3+ Kf5 37. Na4 h5 38. Bc3 Kg5 39. Kf3 Kf5 40. Ke3 Bh6+ 41. Ke2 Ke4 42. Bd2 Bxd2 43.
Nxd2+ Kd4 44. Nf3+ Kc4 45. h4 Nd4+ 46. Nxd4 Kxd4 47.
Nb2 Nxc5 48. Nd1 Nd3 49. Ne3 Nf4+ 50. Kd2 b6 51. f3 a5 52. Nf5+ Kc4 53. Nd6+ Kd5 54.
Nf5 b5 55. Ne3+ Kc5 56. Nf5 b4 57. Ng3 a4 58. Kc2 Kd4 59. Nf5+ Kc5 60. Ng3 Kc4 61. Nf5 b3+ 62. axb3+ axb3+ 63. Kb1 Kc3 64. Nd6 Ne2 65. Ne4+ Kd3 66. Kb2 Nd4 67. Ng3 Ke3 68. Nxh5 Kxf3 69. Nf6 e4 70. Nd5 Kg4 71. Kc3 Ne2+ 72. Kxb3 Kxh4 73.
Kc2 Kg3 74. Kd2 Kf2 75. Ne3 Nf4 76. Ng4+ Kf3 77. Ne3 Ng2 78. Nxg2 Kxg2 79. Ke3 Kh1 80. Kxe4 1/2-1/2

[Event "*** Titled Tuesday Blitz"]
[Site "Chess.com"]
[Date "2018.12.04"]
[Round "6"]
[White "enriquetejedor"]
[Black "Jooonaaas1996"]
[Result "1-0"]
[WhiteElo "2523"]
[BlackElo "2293"]
[TimeControl "180+2"]
[EndTime "14:24:19 PST"]
[Termination "enriquetejedor won by resignation"]

1. d4 Nf6 2. Nf3 d5 3. Bf4 c5 4. c3 Nc6 5. e3 Qb6 6. Qb3 c4 7. Qc2 Bf5 8. Qc1 e6 9. h3 Ne4 10. Nbd2 Be7 11. Be2 h6 12. Bh2 O-O 13. O-O Rac8 14.
Bd1 Nxd2 15. Qxd2 Bf6 16. Re1 Rfd8 17. Qc1 Be4 18. Nd2 Bd3 19. Bc2 Bxc2 20. Qxc2 e5 21. dxe5 Bxe5 22. Nf3 Bxh2+ 23. Kxh2 Qc5 24. Rad1 b5 25. a3 a5 26. Qf5 Qd6+ 27. Kg1 Qe6 28.
Qxe6 fxe6 29. e4 dxe4 30. Rxd8+ Rxd8 31. Rxe4 Rd1+ 32. Kh2 Kf7 33. a4 Rd5 34. axb5 Rxb5 35. Rxc4 Ne7 36. Ra4 Rxb2 37. Ne5+ Kf6 38. Rxa5 Nd5 39.
Ng4+ Kf7 40. c4 Nc3 41. c5 Rc2 42. c6 Ne4 43. Ra7+ Kg6 44. c7 h5 45. Ne3 Rc3 46. Ra6 Rxc7 47. Rxe6+ Nf6 48. Nd5 Rc5 49. Nxf6 gxf6 50. Ra6 Rc2 51. Kg3 Kg5 52. f3 h4+ 53. Kh2 f5 54. Ra1 Kf4 55. Ra4+ Kg5 56. Kh1 Rc1+ 57.
Kh2 f4 58. Ra5+ Kg6 59. Re5 Rd1 60. Re8 Rc1 61. Rg8+ Kh5 62. Rg4 Rc4 63. Kg1 Rd4 64. Kf1 Ra4 65. Ke2 Rd4 66. Rg8 Kh6 67. Ke1 Kh5 68. Rg7 Kh6 69. Rg4 Kh5 70. Ke2 Ra4 71.
Kd3 Rb4 72. Kc3 Ra4 73. Rg8 Kh6 74. Rg4 Kh5 75. Rg7 Kh6 76. Re7 Kg5 77. Re5+ Kf6 78. Re4 Ra3+ 79. Kd4 Ra4+ 80. Kc3 Ra3+ 81. Kb2 Re3 1-0

[Event "*** Titled Tuesday Blitz"]
[Site "Chess.com"]
[Date "2018.12.04"]
[Round "6"]
[White "anesar92"]
[Black "LonesomeGeorge1"]
[Result "0-1"]
[WhiteElo "2647"]
[BlackElo "2429"]
[TimeControl "180+2"]
[EndTime "14:24:27 PST"]
[Termination "LonesomeGeorge1 won by resignation"]

1. e4 e5 2. Nf3 Nc6 3. Bb5 g6 4. h4 Nf6 5. d3 d6 6. Nc3 Bg4 7. a3 a6 8. Bc4 Nd4 9. Be3 Nxf3+ 10. gxf3 Be6 11. Qd2 Qd7 12. O-O-O Nh5 13. Kb1 Be7 14. Nd5 Bd8 15. f4 c6 16. Nc3 exf4 17. Bxf4 Nxf4 18.
Qxf4 Bc7 19. Qf6 Rg8 20. h5 Qe7 21. Qf3 Bxc4 22. dxc4 O-O-O 23. hxg6 fxg6 24. Qh3+ Rd7 25. c5 Rg7 26. cxd6 Bxd6 27. Rd3 Kc7 28. Rhd1 Qe8 29. Qg4 Be5 30. f3 Rxd3 31. Rxd3 Rd7 32. Qg5 Qe7 33.
Rxd7+ Kxd7 34. Qg4+ Qe6 35. Qh4 h5 36. Ne2 Qf6 37.
Qxf6 Bxf6 38. Kc1 h4 39. Nf4 g5 40. Nh3 Ke6 41. Kd2 Ke5 42. Kd3 b5 43. b3 Be7 44. a4 Bd8 45. Ke3 Bb6+ 46. Kd3 Bd8 47. c3 Be7 48. Ke2 bxa4 49. bxa4 Kd6 50. Kd3 Kc5 51. Nf2 Bd6 52. Nh3 Bg3 53. Nxg5 Kb6 54.
Kc4 Ka5 55. Kb3 Bf4 56. Nh3 Be5 57.
f4 Bc7 58. e5 Bb8 59. e6 Bd6 60. f5 Be7 61. Nf4 Bg5 62. Ng6 h3 63. e7 Bxe7 64.
Nxe7 h2 65. Nxc6+ Kb6 66. Nd4 h1=Q 67. Kb4 a5+ 68. Kc4 Qf1+ 69. Kd5 Kc7 70. Ke6 Qe1+ 71. Kf7 Kd7 72. Ne6 Qxc3 73. Nf8+ Kd6 74. f6 Qc4+ 75. Kg7 Qxa4 76. f7 Qd4+ 77. Kg8 a4 78. Ng6 Qf6 0-1